 Dungeon Crawl Stone Soup version 0.31-b1-22-gc680215f68 (webtiles) character file.

Game seed: 16168659648308028164

816 GreatBamboolord the Magician (level 7, -10/40 HPs)
             Began as a Deep Elf Fire Elementalist on Jan 18, 2024.
             Was a Follower of Vehumet.
             Mangled by an ogre
             ... wielding a +0 giant spiked club
              (25 damage)
             ... on level 5 of the Dungeon.
             The game lasted 00:07:45 (5011 turns).

GreatBamboolord the Magician (DEFE)                 Turns: 5011, Time: 00:07:45

Health: -10/40     AC:  2    Str:  5    XL:     7   Next: 62%
Magic:  17/17      EV:  7    Int: 22    God:    Vehumet [*.....]
Gold:   87         SH:  0    Dex: 15    Spells: 14/17 levels left

rFire   . . .        e - +0 dagger
rCold   . . .        (no shield)
rNeg    . . .        a - +0 robe
rPois   .            (no helmet)
rElec   .            (no cloak)
rCorr   .            (no gloves)
SInv    .            (no boots)
Will    .....        (no amulet)
Stlth   +++          (no ring)
HPRegen 0.26/turn    (no ring)
MPRegen 0.15/turn

%: no passive effects
@: held
A: no striking features
a: Renounce Religion


You were on level 5 of the Dungeon.
You worshipped Vehumet.
Vehumet was aware of your devotion.
You visited 1 branch of the dungeon, and saw 5 of its levels.

You collected 230 gold pieces.
You spent 143 gold pieces at shops.

Inventory:

Hand Weapons
 e - a +0 dagger (weapon)
Missiles
 u - a throwing net
Armour
 a - a +0 robe (worn)
Wands
 l - a wand of digging (2)
Scrolls
 f - 2 scrolls of immolation {unknown}
 h - a scroll of blinking {unknown}
 i - 2 scrolls of fear {unknown}
 m - 2 scrolls of teleportation {unknown}
 n - a scroll of vulnerability {unknown}
 o - a scroll of poison {unknown}
 p - a scroll of silence {unknown}
 q - a scroll of enchant weapon {unknown}
 r - 2 scrolls of revelation {unknown}
 s - 4 scrolls of identify {unknown}
 t - a scroll of enchant armour {unknown}
Potions
 b - 2 potions of magic
 c - a potion of berserk rage {unknown}
 d - a potion of ambrosia {unknown}
 g - 2 potions of haste {unknown}
 j - a potion of enlightenment {unknown}
 k - 4 potions of heal wounds {unknown}
 v - 2 potions of resistance
 w - 4 potions of curing
 x - a potion of might {unknown}


   Skills:
 + Level 2.0 Fighting
 * Level 5.1 Dodging
 + Level 4.3 Stealth
 * Level 5.7 Spellcasting
 * Level 4.2 Conjurations
 * Level 5.3 Fire Magic


You had 14 spell levels left.
You knew the following spells:

 Your Spells              Type           Power      Damage    Failure   Level
a - Foxfire               Conj/Fire      100%       2x1d9     1%          1
b - Scorch                Fire           58%        2d7       1%          2

Your spell library contained the following spells:

 Spells                   Type           Power      Damage    Failure   Level
 Kiss of Death            Conj/Necr      60%        2d10      4%          1
 Inner Flame              Hex/Fire       18%        N/A       10%         3
 Volatile Blastmotes      Fire/Tloc      36%        2d13      10%         3
 Flame Wave               Conj/Fire      27%        2d9       13%         4


Dungeon Overview and Level Annotations

Branches:
Dungeon (5/15)
 Temple: D:4-7

Altars:
Ashenzari
Cheibriados
Dithmenos
Elyvilon
Ru
Vehumet
Wu Jian
Yredelemnul
The Shining One

Shops:
D:4 *

Annotations:
D:3 exclusion: statue


Message History

Unknown command.
Casting: Foxfire (safe; 1% risk of failure)
Confirm with . or Enter, or press ? or * to list all spells.
Flames lash the orc priest.
The orc priest is burned terribly!
You kill the orc priest!
Vehumet accepts your kill.
Your Fighting skill increases to level 2!
Unknown command.
Items here: )) [[.
Your foxfire dissipates!
Found a long sword.
Things that are here:
a +0 whip; a +0 leather armour You start resting.
Magic restored.
Things that are here:
a +0 whip; a +0 leather armour
Items here: )) [[.
You start resting.
HP restored.
Found 11 gold pieces.
Found a pair of gloves. 2 gnolls come into view.
A gnoll is wielding a +0 halberd and quivering a throwing net.
The ogre shouts!
The gnoll shouts! x2; You hear a shout!
The gnoll throws a throwing net.
The throwing net hits you.
You become entangled in the net!
The gnoll moves out of view.
A gnoll comes into view. It is wielding a +0 flail.
You see here a throwing net.
You struggle against the net.
A gnoll comes into view. It is wielding a +0 whip.
You struggle against the net.
The ogre barely misses you.
You struggle against the net.
You struggle against the net.
The ogre hits you with a +0 giant spiked club!!
Ouch! That really hurt!
You struggle against the net.
The ogre hits you with a +0 giant spiked club!!
Ouch! That really hurt!
You die...

... #......## ..
#....... .
..#......# ..
.#..g...# ...
.gg....#
..[..#$g....#
.....#.O....#
#..@..# #.#.#.#
###.#.# #
########.....#
.......<.#...# .
########.###.#####..
...................
.########..รท.......
#.........#.


You could see an ogre and 4 gnolls.

Vanquished Creatures
  Sigmund (D:4)
  2 scorpions (D:4)
  2 howler monkeys (D:3)
  2 hounds
  2 orc priests
  2 iguanas (D:5)
  3 orc wizards
  A howler monkey zombie (D:3)
  4 gnolls (D:4)
  5 adders
  An adder zombie (D:3)
  4 dart slugs
  3 ribbon worms
  10 orcs
  7 ball pythons
  8 bats
  7 endoplasms
  3 giant cockroaches
  5 goblins
  5 hobgoblins
  6 jackals
  3 quokkas
  5 frilled lizards
  7 kobolds
  2 quokka zombies (D:3)
  5 rats
105 creatures vanquished.

Vanquished Creatures (collateral kills)
  A foxfire (D:2)
1 creature vanquished.

Vanquished Creatures (others)
  411 foxfires
411 creatures vanquished.

Grand Total: 517 creatures vanquished

Notes
Turn   | Place    | Note
-------+----------+-------------------------------------------
     0 | D:1      | GreatBamboolord the Deep Elf Fire Elementalist began the
                  | quest for the Orb.
     0 | D:1      | Reached XP level 1. HP: 10/10 MP: 6/6
   220 | D:1      | Reached XP level 2. HP: 15/15 MP: 8/8
   911 | D:2      | Reached XP level 3. HP: 20/20 MP: 5/9
  1085 | D:2      | Learned a level 2 spell: Scorch
  1232 | D:2      | Found an ornate altar of the Wu Jian Council.
  1444 | D:2      | Reached XP level 4. HP: 17/24 MP: 5/11
  1670 | D:2      | Found a faded altar of an unknown god.
  1857 | D:3      | Reached skill level 1 in Fighting
  1984 | D:3      | Reached XP level 5. HP: 20/29 MP: 3/13
  2117 | D:3      | Found a basalt altar of Yredelemnul.
  2216 | D:3      | Found a snail-covered altar of Cheibriados.
  2268 | D:3      | Found a glowing golden altar of the Shining One.
  2436 | D:3      | Found a shadowy altar of Dithmenos.
  2796 | D:3      | Found a radiant altar of Vehumet.
  2796 | D:3      | Noticed a charred statue
  2803 | D:3      | Became a worshipper of Vehumet
  3243 | D:3      | Found a sacrificial altar of Ru.
  3262 | D:3      | Found a white marble altar of Elyvilon.
  3264 | D:3      | Found a broken altar of Ashenzari.
  3292 | D:4      | Found Siedua's General Store.
  3338 | D:4      | Bought a potion of resistance for 110 gold pieces
  3338 | D:4      | Bought a potion of curing for 33 gold pieces
  3377 | D:4      | HP: 1/29 [poisoned by a scorpion]
  3547 | D:4      | Reached XP level 6. HP: 34/34 MP: 8/15
  3569 | D:4      | Noticed Sigmund
  3744 | D:3      | Reached skill level 5 in Spellcasting
  3861 | D:4      | Reached * piety under Vehumet
  3861 | D:4      | Offered knowledge of Kiss of Death by Vehumet.
  3873 | D:4      | Killed Sigmund
  3874 | D:4      | Reached skill level 5 in Fire Magic
  3874 | D:4      | Reached XP level 7. HP: 39/39 MP: 1/17
  4667 | D:5      | Entered Level 5 of the Dungeon
  4690 | D:5      | Reached skill level 5 in Dodging
  5011 | D:5      | Mangled by an ogre

Illustrated notes

Levels and vault maps discovered:
D:1:      heliophobic_arrival_glass_houses, layout_loops_cross, nrook_campfire
D:2:      layout_rooms, shapermc_ecumenical_altar_flowoftime, basic_altar
D:3:      minmay_razor_zed, layout_rooms, vehumet_statue,
          mainiacjoe_overflow_six_doors_small, tso_metal_star,
          nicolae_yredelemnul_corpse_copse, nicolae_overflow_hidden_temple,
          grunt_decor_fettered
D:4:      layout_basic, serial_shops, nicolae_shop_hallway_stairs, uniq_sigmund
D:5:      layout_basic, nicolae_uskayaw_en_pointe, nemelex_spade_bored_becter,
          kennysheep_another_room

Skill      XL: |  1  2  3  4  5  6  7 |
---------------+----------------------+-----
Dodging        | 3 4 5 |  5.1
Stealth        | 3 4 |  4.3
Conjurations   | 2 3 4 |  4.2
Fighting       | 1 2 |  2.0
Spellcasting   | 4 5 |  5.7
Fire Magic     | 4 5 |  5.3

Action                     |  1- 3 |  4- 6 |  7- 9 || total
---------------------------+-------+-------+-------++-------
  Melee: Dagger            |    20 |    44 |     1 ||    65
         Unarmed           |     1 |       |       ||     1
         Punch             |       |     1 |       ||     1
   Cast: Foxfire           |    63 |   143 |    42 ||   248
         Scorch            |       |     7 |     9 ||    16
   Stab: Sleeping          |     3 |     2 |       ||     5
 Armour: Robe              |    42 |    48 |    11 ||   101
  Dodge: Dodged            |    51 |    55 |     6 ||   112
